AoeStats
← [Massa] Edo

Lombardia

507375665Analyzed
2v2 RM · 13d ago on Sep 17, 2026· 30m 26s· 4 players
Game mode
Random Map
Map size
Medium (4 player)
Population
200
Speed
Normal
Resources
Standard
Victory
Conquest
Starting age
Dark Age
Ending age
Imperial Age
RankedLock teamsTeams togetherTeam positionsShared explorationLock speedFull tech treeHidden civsTurbo modeCheats
Victory
Defeat
🇧🇷 Magyars · Brazil
1499
+12
🇧🇷 Tatars · Brazil
1462
+13
🇨🇴 Persians · Colombia
1415
-13
🇧🇷 Mongols · Brazil
1380
-12
deslin_
0:27 Loom
10:34 Feudal Age
14:51 Castle Age
15:18 Scale Barding Armor
16:54 Scale Barding Armor
18:01 Bloodlines
21:57 Double-Bit Axe
22:55 Stone Mining
25:08 Fletching
26:15 Bodkin Arrow
26:39 Padded Archer Armor
28:19 Leather Archer Armor
29:15 Ballistics
29:55 Husbandry
30:26 Thumb Ring
FC_diana2501
6:18 Loom
8:50 Feudal Age
9:27 Double-Bit Axe
9:46 Horse Collar
17:51 Wheelbarrow
20:28 Castle Age
20:03 Gold Mining
20:25 Bloodlines
21:14 Bow Saw
21:45 Scale Barding Armor
21:52 Forging
23:55 Chain Barding Armor
23:37 Husbandry
30:10 Heavy Plow
tg
11:27 Feudal Age
12:59 Double-Bit Axe
15:40 Castle Age
13:46 Fletching
15:37 Padded Archer Armor
16:25 Bodkin Arrow
17:02 Husbandry
16:59 Horse Collar
17:16 Loom
22:02 Town Watch
23:55 Wheelbarrow
23:33 Bow Saw
24:38 Leather Archer Armor
27:45 Ballistics
28:48 Wheelbarrow
28:17 Heavy Plow
[Massa] Edo
6:33 Loom
8:46 Feudal Age
9:24 Double-Bit Axe
13:49 Horse Collar
17:28 Wheelbarrow
24:04 Castle Age
22:50 Gold Mining
23:16 Bloodlines
23:27 Scale Barding Armor
26:10 Chain Barding Armor
28:01 Husbandry
29:02 Bow Saw
30:13 Fervor
Connection lost

Rejoining the realm…

Still unreachable

The connection could not be restored.

Session expired

The server has moved on; the page needs a fresh start.